 Dungeon Crawl Stone Soup version 0.21-a0-344-g2144152 (webtiles) character file.

11 tidbits the Scratcher (level 2, 0/12 HPs)
             Began as a Felid Transmuter on Oct 4, 2017.
             Killed from afar by a dart slug (7 damage)
             ... with a slug dart
             ... on level 1 of the Dungeon.
             The game lasted 00:01:45 (338 turns).

tidbits the Scratcher (Felid Transmuter)             Turns: 338, Time: 00:01:46

Health: 0/12       AC:  1    Str:  6    XL:     2   Next: 17%
Magic:  6/6        EV: 18    Int: 14    God:
Gold:   4          SH:  0    Dex: 16    Spells: 2/5 levels left
                                        Lives:  0   Deaths: 0

rFire    . . .     SeeInvis +     - Unarmed
rCold    . . .     Gourm    .   (shield unavailable)
rNeg     . . .     Faith    .   (armour unavailable)
rPois    .         Spirit   .   (helmet unavailable)
rElec    .         Reflect  .   (cloak unavailable)
rCorr    .         Harm     .   (gloves unavailable)
MR       .....                  (boots unavailable)
Stlth    ++........             (no amulet)
HPRegen  0.04/turn              (no ring)
MPRegen  0.10/turn              (no ring)

@: appendage (expiring), quick
A: no armour, no weapons or thrown items, stealth, claws 1, fangs 3, horns 2,
see invisible, carnivore 3, speed 1, shaggy fur 1, slow metabolism 1, sharp paws
a: End Transformation


You were on level 1 of the Dungeon.
You were not hungry.
You had grown temporary horns.
You visited 1 branch of the dungeon, and saw 2 of its levels.

You collected 4 gold pieces.

Inventory:

Missiles
 a - 12 arrows
Scrolls
 e - a scroll of teleportation {unknown}
Potions
 d - a potion of haste {unknown}
 f - a potion of flight {unknown}
Books
 b - a book of Changes

   Spells                             Type                      Level
   a - Beastly Appendage              Transmutation                1
   b - Sticks to Snakes               Transmutation                2
   c - Spider Form                    Transmutation/Poison         3
   d - Ice Form                       Ice/Transmutation            4
   e - Blade Hands                    Transmutation                5
Comestibles
 c - a meat ration


   Skills:
 - Level 1.1 Fighting
 - Level 2.8 Dodging
 + Level 2.1 Stealth
 - Level 3.0 Unarmed Combat
 - Level 2.0 Spellcasting
 - Level 2.2 Transmutations


You had 2 spell levels left.
You knew the following spells:

 Your Spells              Type           Power        Failure   Level  Hunger
e - Beastly Appendage     Tmut           #.....       10%         1    ##.....
k - Sticks to Snakes      Tmut           #.......     14%         2    ###....


Dungeon Overview and Level Annotations

Branches:
Dungeon (2/15)

Altars:


Innate Abilities, Weirdness & Mutations

You cannot wear armour.
You are incapable of wielding weapons or throwing items.
Your paws allow you to move quietly. (Stealth)
You have sharp claws.
You have razor-sharp teeth.
You have supernaturally acute eyesight. (SInv)
You are carnivorous and can eat meat at any time.
You cover ground quickly.
You are covered in fur. (AC +1)
You have a slow metabolism.
Your sharp claws are effective at attacking unaware monsters.
You have a pair of horns on your head.


Message History

Casting: Beastly Appendage
Confirm with . or Enter, or press ? or * to list all spells.
You grow a pair of large bovine horns.
The kobold hits you with a club.
You barely miss the kobold. The kobold barely misses you.
You scratch the kobold but do no damage.
The kobold completely misses you.
You scratch the kobold.
You kill the kobold!
Your Stealth skill increases to level 1!
You see here a club.
Your transformation is almost over.
Found a ring mail.
You open the door.
Your horns disappear.
There is an open door here.
You open the door.
A hobgoblin comes into view.
There is an open door here.
The helpless hobgoblin fails to defend itself.
You claw the hobgoblin!
You kill the hobgoblin!
You see here a hobgoblin corpse.
You butcher the hobgoblin corpse.
g - a chunk of flesh Eat a chunk of flesh? (ye/n/q)
You eat the chunk of flesh.
This raw flesh tastes great.
Okay, then.
Found a stone staircase leading down.
There is a stone staircase leading down here.
You climb downwards. 3 orcs come into view.
An orc is wielding a flail of protection.
The orc shouts! x3; You hear a shout!
Found a scroll labeled VOUN BOYXI.
There is a stone staircase leading up here.
An orc comes into view. It is wielding a hand axe.
There is a stone staircase leading up here.
Casting: Beastly Appendage
Confirm with . or Enter, or press ? or * to list all spells.
You miscast Beastly Appendage.
You are very lightly contaminated with residual magic.
The air around you crackles with energy!
Casting: Beastly Appendage
Confirm with . or Enter, or press ? or * to list all spells.
You grow a pair of large bovine horns.
An orc comes into view. It is wielding a mace.
You climb upwards.
There is a stone staircase leading down here.
You scratch the orc.
The orc is moderately wounded.
The orc completely misses you.
You barely miss the orc.
The orc is moderately wounded.
The orc hits you with a flail of protection.
Ouch! That really hurt!
* * * LOW HITPOINT WARNING * * *
You closely miss the orc.
The orc is moderately wounded.
The orc misses you.
You scratch the orc.
The orc is heavily wounded.
The orc misses you.
You scratch the orc but do no damage. You headbutt the orc.
You kill the orc!
You have reached level 2!
Your transformation is almost over.
Memorise Sticks to Snakes, consuming 2 spell levels and leaving 2?
You start memorising the spell.
You continue memorising. x2
You finish memorising.
Spell assigned to 'k'.
A rat comes into view.
Your horns disappear.
You closely miss the rat. The rat misses you.
You closely miss the rat. The rat misses you.
You scratch the rat. You bite the rat.
You kill the rat!
Your magical contamination has completely faded away.
You see here a rat corpse.
A rat comes into view.
The rat moves out of view.
A rat comes into view.
Casting: Beastly Appendage
Confirm with . or Enter, or press ? or * to list all spells.
You grow a pair of large bovine horns.
You barely miss the rat. You bite the rat, but do no damage.
The rat misses you.
You scratch the rat but do no damage. You headbutt the rat.
You kill the rat!
Your Stealth skill increases to level 2!
You see here a rat corpse.
The rat completely misses you.
You scratch the rat.
You kill the rat!
Your transformation is almost over.
Found an orange potion.
A dart slug comes into view.
The dart slug launches a dart at you. The slug dart hits you!
Ouch! That really hurt!
You die...

#######†###......
#.......# #.
..............#
#..†....# #.
#######.#.....####
#.#####.# ##
#.#........# #.#
#.# # #.#........#
#.# #.#
#.#........# #.#
#.# #.#........#
#.# .#
#.#........# #.#
#.#......@.# #.#
#........# #.#
#...w..!.# #.####
#.#...#### #....#
#.#...# ###### #
#.... #..# #..


You could see a dart slug.

Vanquished Creatures
  A leopard gecko (D:1)
  An orc (D:1)
  2 hobgoblins (D:1)
  A kobold (D:1)
  A frilled lizard (D:1)
  4 rats (D:1)
10 creatures vanquished.

Notes
Turn   | Place    | Note
-------+----------+-------------------------------------------
     0 | D:1      | tidbits the Felid Transmuter began the quest for the Orb.
     0 | D:1      | Reached XP level 1. HP: 9/9 MP: 4/4
   208 | D:1      | Reached skill level 1 in Stealth
   271 | D:1      | Reached XP level 2. HP: 4/12 MP: 3/6
   275 | D:1      | Learned a level 2 spell: Sticks to Snakes
   327 | D:1      | Reached skill level 2 in Stealth
   338 | D:1      | Killed from afar by a dart slug

Vault maps used:
D:1:      minmay_arrival_shattered_statue, item_on_display_a
D:2:      eat_drink_and_be_merry_uskayaw, tso_altar

Skill      XL: |  1  2 |
---------------+-------+-----
Stealth        | 1 2 |  2.1
Fighting       | |  1.1
Dodging        | |  2.8
Unarmed Combat | |  3.0
Spellcasting   | |  2.0
Transmutations | |  2.2

Action                   || total
-------------------------++-------
Melee: Unarmed           ||    21
       Headbutt          ||     4
       Bite              ||     2
 Cast: Beastly Appendage ||     5
 Stab: Sleeping          ||     1
  Eat: Chunk             ||     1
Dodge: Dodged            ||    12

Table legend:
 A = Spawn XP
 B = Non-spawn XP
 C = Spawn XP percentage of total XP
 D = Spawn monster count
 E = Non-spawn monster count
 F = Spawn count percentage of total count
 G = Total turns spent on level
                    A         B        C        D         E        F      G
               +---------+---------+-------+---------+---------+-------+---------
         Total |       0 |      17 |   0.0 |       0 |      10 |   0.0 |   338
               +---------+---------+-------+---------+---------+-------+---------
           D:1 |       0 |      17 |   0.0 |       0 |      10 |   0.0 |   331
               +---------+---------+-------+---------+---------+-------+---------

Table legend:
 A = Turns spent in this place as a percentage of turns spent in the entire game.
 B = Non-inter-level travel turns spent in this place as a percentage of non-inter-level travel turns spent in the entire game.
 C = Inter-level travel turns spent in this place as a percentage of turns spent in this place.
 D = Turns resting spent in this place as a percentage of non-inter-level travel turns spent in this place.
 E = Turns spent auto-exploring this place as a percentage of non-inter-level travel turns spent in this place.
 F = Non-inter-level travel turns spent in this place divided by the number of levels of this place that you've seen.
                   A       B       C       D       E      F
               +-------+-------+-------+-------+-------+----------------------
         Total | 100.0 | 100.0 |   0.0 |   0.0 |   0.0 | 169.0
       Dungeon | 100.0 | 100.0 |   0.0 |   0.0 |   0.0 | 169.0
               +-------+-------+-------+-------+-------+----------------------

Table legend:
 A = Kills in this place as a percentage of kills in entire the game.
 B = Kills by you in this place as a percentage of kills by you in the entire game.
 C = Kills by friends in this place as a percentage of kills by friends in the entire game.
 D = Other kills in this place as a percentage of other kills in the entire game.
 E = Experience gained in this place as a percentage of experience gained in the entire game.
 F = Experience gained in this place divided by the number of levels of this place that you have seen.
                   A       B       C       D       E      F
               +-------+-------+-------+-------+-------+----------------------
         Total | 100.0 | 100.0 |   N/A |   N/A | 100.0 |   8.5
       Dungeon | 100.0 | 100.0 |   N/A |   N/A | 100.0 |   8.5
               +-------+-------+-------+-------+-------+----------------------

Vault maps used:
D:1:      minmay_arrival_shattered_statue, item_on_display_a
D:2:      eat_drink_and_be_merry_uskayaw, tso_altar
